 Dungeon Crawl Stone Soup version 0.23.2-11-gf996548c65 (webtiles) character file.

Game seed: 6454813448083745446

150 MalarOregon the Ruffian (level 5, -3/44 HPs)
             Began as a Ghoul Warper on June 5, 2019.
             Slain by an orc priest
             ... wielding a +0 war axe
              (10 damage)
             ... on level 3 of the Dungeon.
             The game lasted 00:08:38 (3212 turns).

MalarOregon the Ruffian (Ghoul Warper)              Turns: 3212, Time: 00:08:38

Health: -3/44      AC:  4    Str: 15    XL:     5   Next: 32%
Magic:  7/7        EV: 12    Int:  9    God:
Gold:   115        SH:  0    Dex:  8    Spells: 8/8 levels left

rFire    . . .     SeeInvis .     - Unarmed
rCold    + . .     Gourm    .   (no shield)
rNeg     + + +     Faith    .   s - +0 leather armour (curse)
rPois    ∞         Spirit   .   (no helmet)
rElec    .         Reflect  .   (no cloak)
rCorr    .         Harm     .   m - +0 pair of gloves
MR       .....                  (no boots)
Stlth    +.........             (no amulet)
HPRegen  0.00/turn              (no ring)
MPRegen  0.10/turn              (no ring)

@: rotting
A: rotting body, claws 1, carnivore, cold resistance 1, negative energy
resistance 3, inhibited regeneration, torment resistance, unbreathing
a: no special abilities


You were on level 3 of the Dungeon.
You were not hungry.

You visited 1 branch of the dungeon, and saw 4 of its levels.

You collected 115 gold pieces.

Inventory:

Hand Weapons
 w - a +0 blowgun
   (You took it off a kobold on level 3 of the Dungeon)
Missiles
 b - 124 stones (quivered)
 d - 5 tomahawks of dispersal {!f}
 g - 63 arrows
 u - 3 curare-tipped needles {!f}
Armour
 l - a +0 buckler
   (You found it on level 1 of the Dungeon)
 m - a +0 pair of gloves (worn)
   (You found it on level 2 of the Dungeon)
 s - a cursed +0 leather armour (worn)
   (You found it on level 3 of the Dungeon)
Jewellery
 i - a +4 ring of intelligence {unknown}
   (You found it on level 1 of the Dungeon)
Scrolls
 c - 2 scrolls of blinking
 f - 2 scrolls of teleportation {@r4}
 j - a scroll of remove curse {unknown}
 p - a scroll of identify {unknown}
 t - a scroll of magic mapping {unknown}
Potions
 a - a potion of lignification {unknown}
 h - 2 potions of brilliance
 k - 3 potions of curing {@q1}
 n - a potion of resistance {unknown}
 o - a potion of heal wounds {unknown}
 r - a potion of flight {unknown}
Comestibles
 e - 9 rations {!d}


   Skills:
 + Level 2.9 Fighting
 + Level 1.7 Throwing
 + Level 1.6 Armour
 + Level 2.3 Dodging
 + Level 1.8 Stealth
 * Level 3.7 Unarmed Combat
 - Level 2.0 Spellcasting
   Level 2.6 Translocations


You had 8 spell levels left.
You didn't know any spells.
Your spell library contained the following spells:

 Spells                   Type           Power        Failure   Level  Hunger
 Blink                    Tloc           N/A          21%         2    ###....
 Shroud of Golubria       Chrm/Tloc      #.........   34%         2    ###....
 Gell's Gravitas          Tloc           #.........   38%         3    ####...
 Lesser Beckoning         Tloc           #.........   38%         3    ####...
 Teleport Other           Tloc           #.......     38%         3    ####...
 Passage of Golubria      Tloc           N/A          80%         4    #####..


Dungeon Overview and Level Annotations

Branches:
Dungeon (4/15)
 Temple: D:4-7

Altars:
Dithmenos


Innate Abilities, Weirdness & Mutations

Your body is rotting away.
You thrive on raw meat.
You are immune to poison.
You have sharp fingernails.
You are carnivorous and can eat meat at any time.
Your flesh is cold resistant. (rC+)
You are immune to negative energy. (rN+++)
You do not regenerate when monsters are visible.
You are immune to unholy pain and torment.
You can survive without breathing.


Message History

You see here a +0 whip.
There is a stone staircase leading down here.
You climb downwards. 3 jackals, 2 orcs, 2 orc priests and an orc wizard come into view.
The orc shouts!
The orc wizard shouts!
The orc shouts!
You hear a bark!
The orc priest shouts! x2; The jackal barks!
Found a spear.
There is a stone staircase leading up here.
The jackal barks!
The orc priest hits you but does no damage.
The orc priest hits you with a +0 war axe.
You climb upwards.
There is a stone staircase leading down here.
You hit the orc priest.
You hit the orc priest but do no damage.
The orc priest closely misses you.
The orc priest hits you but does no damage.
You hit the orc priest. The orc priest barely misses you.
The orc priest miscasts a cantrip.
You completely miss the orc priest.
The orc priest mumbles some strange prayers to Beogh against you.
Beogh smites you!
The orc priest begins to cast a cantrip, but forgets the words!
You hit the orc priest but do no damage.
The orc priest hits you but does no damage.
The orc priest barely misses you.
You hit the orc priest. The orc priest barely misses you.
You hit the orc priest.
You kill the orc priest!
The orc priest barely misses you.
You hit the orc priest but do no damage.
The orc priest hits you but does no damage.
You hit the orc priest but do no damage.
The orc priest hits you with a +0 war axe.
You closely miss the orc priest.
The orc priest hits you with a +0 war axe.
* * * LOW HITPOINT WARNING * * *
Here: an orc priest, wielding a +0 war axe and wearing a +0 chain mail The floor.
Okay, then.
You hit the orc priest but do no damage.
You hit the orc priest but do no damage.
You punch the orc priest. The orc priest barely misses you.
You closely miss the orc priest.
The orc priest mumbles some strange prayers to Beogh against you.
Beogh smites you!
* * * LOW HITPOINT WARNING * * *
It was a potion of magic.
Magic courses through your body.
The orc priest hits you with a +0 war axe!
You die...

...# #..#P.≈≈≈≈♣
#.#####.# ...#
##..♣.♣≈≈.♣ #......(#
...#
#..♣♣.P.♣♣♣#########
...######## #..♣)P♣P♣♣.#
..........# #..♣...♣##.#
........[.# ##..♣P...#.#
..........# #..#♣♣♣...#
..........#####†.#####.#
...............o@......#
................########
................#
..........#######
..........# ###########


You could see an orc priest.

Vanquished Creatures
  An orc priest (D:3)
  3 adders (D:3)
  An ooze (D:3)
  3 dart slugs
  2 leopard geckos
  5 orcs (D:3)
  7 giant cockroaches
  5 goblins
  9 hobgoblins
  10 jackals
  A quokka (D:2)
  A ball python (D:3)
  7 bats
  5 frilled lizards
  7 kobolds
  8 rats
  A plant (D:3)
76 creatures vanquished.

Vanquished Creatures (others)
  A plant (D:3)
1 creature vanquished.

Grand Total: 77 creatures vanquished

Notes
Turn   | Place    | Note
-------+----------+-------------------------------------------
     0 | D:1      | MalarOregon the Ghoul Warper began the quest for the Orb.
     0 | D:1      | Reached XP level 1. HP: 17/17 MP: 2/2
   131 | D:1      | Reached skill level 1 in Throwing
   131 | D:1      | Reached skill level 1 in Armour
   140 | D:1      | Reached XP level 2. HP: 22/24 MP: 3/3
   884 | D:2      | Reached XP level 3. HP: 30/30 MP: 4/4
  1169 | D:2      | Found a faded altar of an unknown god.
  1473 | D:2      | Reached skill level 1 in Stealth
  1506 | D:2      | Reached skill level 3 in Unarmed Combat
  2185 | D:3      | Found a shadowy altar of Dithmenos.
  2221 | D:3      | Reached XP level 4. HP: 33/37 MP: 6/6
  2617 | D:3      | Reached XP level 5. HP: 31/42 MP: 7/7
  3212 | D:3      | Slain by an orc priest

Skill      XL: |  1  2  3 |
---------------+----------+-----
Throwing       | 1 |  1.7
Armour         | 1 |  1.6
Dodging        | 2 |  2.3
Spellcasting   | 2 |  2.0
Stealth        | 1 |  1.8
Unarmed Combat | 3 |  3.7
Fighting       | |  2.9
Translocations | |  2.6

Action                   |  1- 3 |  4- 6 || total
-------------------------+-------+-------++-------
Melee: Unarmed           |   178 |   201 ||   379
       Punch             |       |     3 ||     3
Throw: Stone             |    82 |    31 ||   113
  Use: Potion            |       |     3 ||     3
       Scroll            |       |     1 ||     1
  Eat: Chunk             |     5 |    19 ||    24
Armor: Leather armour    |    52 |    22 ||    74
Dodge: Dodged            |   106 |    71 ||   177
